 Dungeon Crawl Stone Soup version 0.28-a0-1510-gd0f6b136d3 (webtiles) character file.

Game seed: 11409498767378014780

30 enile the Covered (level 3, -5/23 (30) HPs)
             Began as a Minotaur Wanderer on Jan 15, 2022.
             Slain by Terence (12 damage)
             ... on level 2 of the Dungeon.
             The game lasted 00:01:19 (991 turns).

enile the Covered (Minotaur Wanderer)                Turns: 991, Time: 00:01:20

HP:   -5/23 (30)    AC:  7    Str: 19    XL:     3   Next: 3%
MP:   3/3           EV:  9    Int:  7    God:
Gold: 79            SH:  0    Dex: 10    Spells: 3/4 levels left

rFire   . . .      SeeInvis .   a - +0 falchion
rCold   . . .      Faith    .   (no shield)
rNeg    . . .      Spirit   .   b - +0 scale mail
rPois   .          Reflect  .   (helmet restricted)
rElec   .          Harm     .   (no cloak)
rCorr   .          Rampage  .   (no gloves)
Will    .....                   (no boots)
Stlth   ..........              (no amulet)
HPRegen 0.07/turn               (no ring)
MPRegen 0.08/turn               (no ring)

@: heavily drained
A: horns 2, retaliatory headbutt
a: no special abilities


You were on level 2 of the Dungeon.
You visited 1 branch of the dungeon, and saw 2 of its levels.

You collected 79 gold pieces.

Inventory:

Hand Weapons
 a - a +0 falchion (weapon)
Missiles
 h - 5 poisoned darts
Armour
 b - a +0 scale mail (worn)
Jewellery
 i - a ring of magical power
Scrolls
 f - 2 scrolls of enchant armour {unknown}
 g - 2 scrolls of identify {unknown}
Potions
 d - a potion of degeneration {unknown}
 e - a potion of curing {unknown}


   Skills:
 + Level 2.9 Fighting
 - Level 2.0 Long Blades
 - Level 6.0 Armour
 - Level 1.0 Spellcasting
 - Level 2.1 Summonings


You had 3 spell levels left.
You knew the following spells:

 Your Spells              Type           Power      Damage    Failure   Level
a - Summon Small Mammal   Summ           12%        N/A       43%         1

Your spell library contained the following spells:

 Spells                   Type           Power      Damage    Failure   Level
 Call Canine Familiar     Summ           3%         N/A       80%         3
 Summon Lightning Spire   Summ/Air       1%         N/A       100%        4


Dungeon Overview and Level Annotations

Branches:
Dungeon (2/15)

Altars:

Annotations:
D:2 Terence


Innate Abilities, Weirdness & Mutations

You have a pair of horns on your head.
You reflexively headbutt those who attack you in melee.


Message History

Your bat hits Terence but does no damage.
Terence closely misses your bat.
You hit Terence but do no damage. You headbutt Terence.
Terence is lightly wounded.
Your bat closely misses Terence.
Your bat barely misses Terence.
Terence hits you with the +7 Throatcutter {drain, coup de grace}!
You feel drained.
Terence hits you with the +7 Throatcutter {drain, coup de grace}.
You feel drained.
Your bat hits Terence.
Terence hits your bat with the +7 Throatcutter {drain, coup de grace}!
Your bat dies!
Your bat's corpse disappears in a puff of smoke!
Casting: Summon Small Mammal (safe; 43% risk of failure)
Confirm with . or Enter, or press ? or * to list all spells.
Okay, then.
It was a potion of ambrosia.
You are confused.
You feel invigorated.
You bump into the rock wall.
You feel less invigorated.
You feel less confused.
Terence hits you with the +7 Throatcutter {drain, coup de grace}!
You feel drained.
You hit Terence.
Terence is heavily wounded.
Terence hits you with the +7 Throatcutter {drain, coup de grace}.
You feel drained.
You hit Terence but do no damage. Your headbutt misses Terence.
Terence is heavily wounded.
Terence completely misses you.
You hit Terence but do no damage. You headbutt Terence.
Terence is heavily wounded.
Terence hits you with the +7 Throatcutter {drain, coup de grace}!
* * * LOW HITPOINT WARNING * * *
You feel drained.
You hit Terence but do no damage. You headbutt Terence, but do no damage.
Terence is heavily wounded.
Terence hits you with the +7 Throatcutter {drain, coup de grace}!
Ouch! That really hurt!
You die...

..................'.....
###(.###.###.##.###.....
##..........#.# +...<.
#..#.####..#.# #.....
##.#.......#.. #.....
#..##....## ######
######..##....+
#.......##....#
+.......@#....+
#...†.##@#....#
#.....##......#
#.....##..##..#
#.....+.........
#.....###.##.. #######
.. .# ... # #.#


You could see Terence (resistant).

Vanquished Creatures
  A dart slug (D:1)
  3 ball pythons (D:1)
  4 endoplasms
  2 giant cockroaches (D:1)
  2 goblins (D:1)
  2 hobgoblins (D:1)
  3 quokkas (D:2)
  2 bats
  A frilled lizard (D:1)
  A kobold (D:1)
  5 rats
26 creatures vanquished.

Notes
Turn   | Place    | Note
-------+----------+-------------------------------------------
     0 | D:1      | enile the Minotaur Wanderer began the quest for the Orb.
     0 | D:1      | enile set off with the following items: a +0 falchion, a +0
                  | scale mail; and the following spell memorised: Summon Small
                  | Mammal; and the following spells available to memorise:
                  | Call Canine Familiar, Summon Lightning Spire
     0 | D:1      | Reached XP level 1. HP: 14/14 MP: 1/1
    12 | D:1      | Reached skill level 1 in Fighting
   312 | D:1      | Reached XP level 2. HP: 24/24 MP: 2/2
   962 | D:2      | Reached XP level 3. HP: 30/30 MP: 3/3
   977 | D:2      | Noticed Terence
   991 | D:2      | Slain by Terence

Illustrated notes

Levels and vault maps discovered:
D:1:      dpeg_arrival_morbid_curiosity, layout_basic
D:2:      layout_basic, uniq_terence

Skill      XL: |  1  2 |
---------------+-------+-----
Fighting       | 2 |  2.9
Long Blades    | 2 |  2.0
Armour         | |  6.0
Spellcasting   | |  1.0
Summonings     | |  2.1

Action                   || total
-------------------------++-------
Melee: Falchion          ||    65
       Headbutt          ||    12
 Cast: Summon Small Mamm ||     1
  Use: Potion            ||     1
Armor: Scale mail        ||    39
Dodge: Dodged            ||    33

Table legend: (Time is in decaauts)
 A = Elapsed time spent in this place.
 B = Non-inter-level travel time spent in this place.
 C = Inter-level travel time spent in this place.
 D = Time resting spent in this place.
 E = Time spent auto-exploring this place.
 F = Levels seen in this place.
 G = Mean time per level.
                   A        B        C        D        E       F      G
               +--------+--------+--------+--------+--------+-----+--------+
         Total |   1004 |    976 |     28 |      0 |    814 |   2 |  502.0 |
       Dungeon |   1004 |    976 |     28 |      0 |    814 |   2 |  502.0 |
               +--------+--------+--------+--------+--------+-----+--------+

Top non-repeatable levels by time:
     D:1: 892 daAuts
     D:2: 112 daAuts
